 Dungeon Crawl Stone Soup version bcrawl-1.12-10-g10a67aac0f (webtiles) character file.

Game seed: 8728368876546799195

4 MisterOstroum the Cudgeler (level 1, 0/22 HPs)
             Began as a Troll Chaos Knight on June 11, 2019.
             Was a Plaything of Xom.
             Succumbed to a kobold's poison
             ... on level 1 of the Dungeon.
             The game lasted 00:00:34 (44 turns).

MisterOstroum the Cudgeler (Troll Chaos Knight)       Turns: 44, Time: 00:00:34

Health: 0/22       AC:  4    Str: 19    XL:     1   Next: 50%
Magic:  0/0        EV: 10    Int:  9    God:    Xom [*.....]
Gold:   0          SH:  0    Dex:  9    Spells: 0/0 levels left

rFire    . . .     SeeInvis .   a - +0 mace (chaos)
rCold    . . .     Gourm    +   (no shield)
rNeg     . . .     Faith    .   (armour unavailable)
rPois    .         Spirit   .   (helmet restricted)
rElec    .         Reflect  .   (no cloak)
rCorr    .         Harm     .   (gloves unavailable)
MR       .....                  (boots unavailable)
Stlth    +.........             (no amulet)
HPRegen  0.07/turn              (no ring)
MPRegen  0.07/turn              (no ring)

@: lethally poisoned (0 -> -11)
A: large, almost no armour, unfitting armour, claws 3, fast metabolism 3,
gourmand, AC +4
a: Renounce Religion


You were on level 1 of the Dungeon.
You worshipped Xom.
You were a special plaything of Xom.
You were not hungry.

You visited 1 branch of the dungeon, and saw 1 of its levels.

Inventory:

Hand Weapons
 a - a +0 mace of chaos (weapon)
Comestibles
 e - 2 rations {!d}


   Skills:
 + Level 2.5 Fighting
 - Level 3.0 Maces & Flails
 - Level 1.9 Dodging
 + Level 0.6 Unarmed Combat


You couldn't memorise any spells.
You didn't know any spells.
Your spell library was empty.

Dungeon Overview and Level Annotations

Branches:
Dungeon (1/12)

Altars:


Innate Abilities, Weirdness & Mutations

You cannot wear most types of armour.
Your thick skin is tough. (AC +4)
You are too large for most types of armour.
You have claws for hands.
Your metabolism is lightning-fast.
You like to eat raw meat.


Message History

You claw the kobold!
You kill the kobold!
The leopard gecko hisses menacingly.
You barely miss the leopard gecko. The leopard gecko bites you.
You scratch the leopard gecko.
The leopard gecko is moderately wounded.
The leopard gecko misses you.
The kobold throws a stone.
The stone closely misses you.
You barely miss the leopard gecko.
The leopard gecko is moderately wounded.
The leopard gecko bites you. x2
You are too injured to fight recklessly!
You are too injured to fight recklessly!
You are too injured to fight recklessly!
You are too injured to fight recklessly!
You are too injured to fight recklessly!
You are too injured to fight recklessly!
You are too injured to fight recklessly!
You are too injured to fight recklessly!
Press: ? - help, v - describe, . - travel
Here: a kobold, wielding a +0 dagger of venom The floor.
Unknown command.
There is an open door here.
The leopard gecko bites you.
There is a staircase leading out of the dungeon here.
You barely miss the leopard gecko.
The leopard gecko is moderately wounded.
The leopard gecko bites you but does no damage.
You closely miss the leopard gecko.
The leopard gecko is moderately wounded.
The leopard gecko closely misses you.
You miss the leopard gecko.
The leopard gecko is moderately wounded.
The leopard gecko barely misses you.
You miss the leopard gecko.
The leopard gecko is moderately wounded.
The leopard gecko closely misses you. The leopard gecko barely misses you.
There is an escape hatch in the floor here.
You open the door. The leopard gecko barely misses you.
There is an open door here.
You closely miss the leopard gecko.
The leopard gecko is lightly wounded.
The leopard gecko bites you.
You barely miss the leopard gecko.
The leopard gecko is lightly wounded.
The leopard gecko bites you but does no damage.
You miss the leopard gecko.
The leopard gecko is lightly wounded.
The leopard gecko barely misses you. The leopard gecko closely misses you.
You claw the leopard gecko!
You kill the leopard gecko!
Xom almost notices you.
You hear a distant rumble.
You are now a special plaything of Xom.
There is an open door here.
There is a staircase leading out of the dungeon here.
There is an escape hatch in the floor here.
You see here a leopard gecko corpse.
The kobold hits you but does no damage.
You are lethally poisoned!
There is an open door here.
Wield which item (- for none, * to show all)? (? for menu, Esc to quit)
Your +0 mace of chaos is briefly surrounded by a scintillating aura of random colours.
a - a +0 mace of chaos (weapon)
You feel sick.
You completely miss the kobold.
* * * LOW HITPOINT WARNING * * *
You feel sick. The kobold hits you but does no damage.
You are more poisoned.
You hit the kobold. You burn the kobold.
You kill the kobold!
* * * LOW HITPOINT WARNING * * *
You feel sick.
* * * LOW HITPOINT WARNING * * *
You feel sick.
There is an escape hatch in the floor here.
Things that are here:
a +0 dagger of venom; a leopard gecko corpse
* * * LOW HITPOINT WARNING * * *
You feel sick.
There is a staircase leading out of the dungeon here.
* * * LOW HITPOINT WARNING * * *
You feel sick.
There is an escape hatch in the floor here.
Things that are here:
a +0 dagger of venom; a leopard gecko corpse You butcher the leopard gecko corpse.
* * * LOW HITPOINT WARNING * * *
You feel sick.
There is an escape hatch in the floor here.
Things that are here:
a +0 dagger of venom; a chunk of flesh; a leopard gecko skeleton
There is a lethal amount of poison in your body!
* * * LOW HITPOINT WARNING * * *
You feel sick.
Unknown command.
You die...
Xom guffaws!

#####+#####
###.........###
#.............##
.....#'#......#
... #@##.....+
... #<##.....+
....$#'#......#
#.............##
###.........###
#####+#####


There were no monsters in sight!

Vanquished Creatures
  A leopard gecko (D:1)
  2 kobolds (D:1)
3 creatures vanquished.

Notes
Turn   | Place    | Note
-------+----------+-------------------------------------------
     0 | D:1      | MisterOstroum the Troll Chaos Knight began the quest for
                  | the Orb.
     0 | D:1      | Reached XP level 1. HP: 22/22 MP: 0/0
    25 | D:1      | XOM: harmless Erth miscast
    42 | D:1      | HP: 1/22 [poisoned by a kobold]
    44 | D:1      | Succumbed to a kobold's poison

Action                   || total
-------------------------++-------
Melee: Unarmed           ||    12
       Mace              ||     2
Armor: Skin              ||     5
Dodge: Dodged            ||     9
